 Dungeon Crawl Stone Soup version 0.25.0-26-g0c896c7088 (webtiles) character file.

Game seed: 5097936288675655337

2401 protoss039 the Jinx (level 9, -4/47 HPs)
             Began as a Vampire Enchanter on July 3, 2020.
             Was a Follower of Dithmenos.
             Shot with an arrow by a centaur (8 damage)
             ... on level 8 of the Dungeon.
             The game lasted 00:42:03 (7032 turns).

protoss039 the Jinx (Vampire Enchanter)             Turns: 7032, Time: 00:42:04

Health: -4/47      AC:  4    Str:  7    XL:     9   Next: 23%
Magic:  13/16      EV: 13    Int: 23    God:    Dithmenos [*.....]
Gold:   344        SH:  0    Dex: 18    Spells: 6/18 levels left

rFire    + . .     SeeInvis +   y - +4 short sword
rCold    + + +     Gourm    .   (no shield)
rNeg     + + +     Faith    .   a - +0 leather armour (curse)
rPois    ∞         Spirit   .   s - +0 helmet
rElec    .         Reflect  .   p - scarf {rC+ rF+}
rCorr    +         Harm     .   (no gloves)
MR       .....                  (no boots)
Stlth    ++++++++..             i - amulet of magic regeneration
HPRegen  0.00/turn              f - ring of resist corrosion
MPRegen  0.40/turn              r - +6 ring of intelligence

@: bloodless, wreathed by umbra
A: no food, fangs 3, see invisible, unbreathing
a: Bat Form, Revivify, Renounce Religion


You were on level 8 of the Dungeon.
You worshipped Dithmenos.
Dithmenos was aware of your devotion.
You were bloodless.

You visited 2 branches of the dungeon, and saw 9 of its levels.

You collected 344 gold pieces.

Inventory:

Hand Weapons
 d - a +2 dagger of electrocution
 y - a +4 short sword (weapon)
 I - a cursed -3 short sword
Missiles
 j - 39 poisoned darts (quivered)
Armour
 a - a cursed +0 leather armour (worn)
 b - a +0 robe
 p - a scarf of resistance (worn)
 s - a +0 helmet (worn)
Jewellery
 f - a ring of resist corrosion (left hand)
 i - an amulet of magic regeneration (around neck)
 r - a +6 ring of intelligence (right hand)
 C - an uncursed ring of protection from magic {unknown}
 E - a cursed ring of attention {unknown}
 H - an uncursed ring of flight {unknown}
 K - an uncursed ring of ice {unknown}
Wands
 e - a wand of enslavement (15)
 q - a wand of acid (18)
 D - a wand of clouds (4)
 J - a wand of digging (6)
Scrolls
 k - 4 scrolls of teleportation
 l - 4 scrolls of remove curse
 u - a scroll of magic mapping
 w - a scroll of immolation {unknown}
 x - a scroll of enchant weapon {unknown}
 A - a scroll of amnesia {unknown}
 F - a scroll of fear {unknown}
 G - a scroll of enchant armour {unknown}
Potions
 c - a potion of stabbing {unknown}
 g - 3 potions of lignification {unknown}
 h - a potion of cancellation {unknown}
 m - 3 potions of curing {unknown}
 n - a potion of heal wounds {unknown}
 o - a potion of ambrosia {unknown}
 t - 4 potions of flight {unknown}
 v - a potion of degeneration {unknown}
 z - a potion of brilliance {unknown}
 B - 2 potions of mutation {unknown}


   Skills:
 + Level 1.2 Fighting
 + Level 3.8 Short Blades
 + Level 2.8 Dodging
 + Level 10.3 Stealth
 + Level 5.3 Spellcasting
 * Level 11.1 Hexes
 - Level 0.1 Ice Magic
 * Level 3.5 Invocations


You had 6 spell levels left.
You knew the following spells:

 Your Spells              Type           Power        Failure   Level  Hunger
a - Corona                Hex            ######.      1%          1    N/A
b - Confusing Touch       Hex            ######..     1%          3    N/A
c - Ensorcelled Hibernat  Hex/Ice        ####..       1%          2    N/A
d - Tukima's Dance        Hex            ######..     1%          3    N/A
e - Dazzling Flash        Conj/Hex       ####..       4%          3    N/A

Your spell library contained the following spells:

 Spells                   Type           Power        Failure   Level  Hunger


Dungeon Overview and Level Annotations

Branches:
Dungeon (8/15)             Temple (1/1) D:4
   Lair: D:8-11

Altars:
Ashenzari
Cheibriados
Dithmenos
Elyvilon
Fedhas
Gozag
Hepliaklqana
Kikubaaqudgha
Makhleb
Nemelex Xobeh
Okawaru
Qazlal
Ru
Sif Muna
Trog
Uskayaw
Wu Jian
Yredelemnul
Zin
The Shining One

Shops:
D:4 :

Annotations:
D:3 3 exclusions
D:6 1 exclusion
D:7 6 exclusions


Innate Abilities, Weirdness & Mutations

You do not eat.
You do not regenerate when monsters are visible.
You are frail without blood (-20% HP).
You can heal yourself when you bite living creatures.
You are immune to poison.
You have razor-sharp teeth.
You have supernaturally acute eyesight. (SInv)
You can survive without breathing.


Message History

You start resting.
The centaur is too close now for your liking.
Casting: Ensorcelled Hibernation (safe; 1% risk of failure)
Confirm with . or Enter, or press ? or * to list all spells.
Aiming: Corona (safe; 1% risk of failure)
Press: ? - help, Shift-Dir - straight line, f - centaur
Aim: a centaur, quivering 15 arrows (wandering, hasn't noticed you, chance to defeat MR: 83%)
The centaur shouts!
The centaur is outlined in light.
The centaur wields a +0 shortbow.
The centaur shoots an arrow.
The arrow hits you!
Casting: Corona (safe; 1% risk of failure)
Confirm with . or Enter, or press ? or * to list all spells.
Aiming: Ensorcelled Hibernation (safe; 1% risk of failure)
Press: ? - help, Shift-Dir - straight line, f/p - centaur
Aim: a centaur, wielding a +0 shortbow and quivering 14 arrows (softly glowing, chance to defeat MR: 60%)
The centaur resists with significant effort.
The centaur shoots an arrow.
The arrow hits you!
* * * LOW HITPOINT WARNING * * *
The centaur shoots an arrow.
The arrow hits you!
You die...

##.#.##.###.###.
##......c...##.##..##.O
..##......................
##...........$...#.........
....##.....#####.c<..#.#..#
#.........##!...#.......(#
###..#.)...?..#........##.#
.........÷...[.............
###...).<@...#.####.%....#
#...............=........#
#.....##.#####..####.....#
..(.....##.#####..# #.......
..................>........#
#####......#########.#######
##....## #. #....# ## #.....


You could see a centaur (corona).

Vanquished Creatures
  A water moccasin (D:7)
  An orc warrior (D:6)
  4 sky beasts
  3 ogres
  2 centaurs
  Blork the orc (D:5)
  3 bullfrogs
  A scorpion (D:6)
  4 howler monkeys
  A bullfrog zombie (D:8)
  4 crimson imps
  3 hounds
  4 orc priests
  A centaur skeleton (D:8)
  2 iguanas
  Ijyb (D:3)
  6 orc wizards
  A worker ant (D:5)
  Robin (D:3)
  3 gnolls (D:7)
  4 adders
  An ooze (D:6)
  An adder skeleton (D:7)
  3 worms
  4 dart slugs
  3 leopard geckos
  22 orcs
  6 giant cockroaches
  25 goblins
  8 hobgoblins
  11 jackals
  7 kobolds
  2 quokkas (D:2)
  9 bats
  4 frilled lizards
  A jackal skeleton (D:7)
  A quokka skeleton (D:6)
  6 rats
165 creatures vanquished.

Vanquished Creatures (collateral kills)
  An ogre (D:5)
  A crimson imp (D:5)
  2 orcs
4 creatures vanquished.

Grand Total: 169 creatures vanquished

Notes
Turn   | Place    | Note
-------+----------+-------------------------------------------
     0 | D:1      | protoss039 the Vampire Enchanter began the quest for the
                  | Orb.
     0 | D:1      | Reached XP level 1. HP: 13/13 MP: 3/3
   175 | D:1      | You fall into a shaft and drop 1 floor!
   219 | D:2      | Reached XP level 2. HP: 13/19 MP: 5/5
   318 | D:1      | Reached skill level 5 in Hexes
   388 | D:1      | Reached skill level 5 in Stealth
   499 | D:1      | Reached XP level 3. HP: 22/24 MP: 6/6
   943 | D:2      | Found a sparkling altar of Nemelex Xobeh.
  1102 | D:2      | Found a hide-covered altar of Uskayaw.
  1103 | D:2      | Noticed a +0 dagger
  1103 | D:2      | Noticed a +0 hand axe
  1112 | D:2      | Learned a level 3 spell: Confusing Touch
  1115 | D:2      | Learned a level 2 spell: Ensorcelled Hibernation
  1637 | D:3      | Reached XP level 4. HP: 24/24 MP: 3/7
  1790 | D:3      | Noticed Robin
  2104 | D:3      | Noticed Ijyb
  2226 | D:3      | Killed Ijyb
  2226 | D:3      | Reached XP level 5. HP: 23/28 MP: 3/8
  3065 | D:3      | Killed Robin
  3065 | D:3      | Reached skill level 6 in Hexes
  3269 | D:3      | Found a sacrificial altar of Ru.
  3270 | D:3      | Found a hazy altar of Hepliaklqana.
  3466 | D:4      | Found a snail-covered altar of Cheibriados.
  3510 | D:4      | Found a glowing golden altar of the Shining One.
  3599 | D:4      | Noticed an ogre
  3852 | D:4      | Reached XP level 6. HP: 33/33 MP: 7/10
  3857 | D:4      | Learned a level 3 spell: Tukima's Dance
  3864 | D:4      | Reached skill level 7 in Hexes
  3880 | D:4      | Found Eppis's Book Shop.
  4052 | D:4      | Found a staircase to the Ecumenical Temple.
  4060 | Temple   | Entered the Ecumenical Temple
  4083 | Temple   | Became a worshipper of Dithmenos the Shadowed
  4166 | D:4      | Noticed a sky beast
  4171 | D:4      | Killed a sky beast
  4231 | D:4      | Learned a level 3 spell: Dazzling Flash
  4232 | D:5      | Entered Level 5 of the Dungeon
  4374 | D:5      | Reached skill level 8 in Hexes
  4399 | D:5      | Noticed Blork the orc
  4410 | D:5      | Reached skill level 1 in Invocations
  4410 | D:5      | Reached XP level 7. HP: 37/37 MP: 12/12
  4434 | D:5      | Killed Blork the orc
  4752 | D:5      | Reached skill level 1 in Fighting
  5071 | D:5      | Found a shimmering blue altar of Sif Muna.
  5089 | D:5      | Reached skill level 9 in Hexes
  5504 | D:6      | Reached XP level 8. HP: 43/43 MP: 11/14
  5785 | D:6      | Reached skill level 10 in Hexes
  5903 | D:6      | Reached * piety under Dithmenos
  6711 | D:7      | Reached skill level 10 in Stealth
  6711 | D:7      | Reached XP level 9. HP: 47/47 MP: 13/16
  6735 | D:8      | Noticed a two-headed ogre
  6741 | D:7      | Reached skill level 5 in Spellcasting
  6777 | D:7      | Reached skill level 11 in Hexes
  7032 | D:8      | Shot with an arrow by a centaur

Illustrated notes

Levels and vault maps discovered:
D:1:      lemuel_arrival_tunnels, layout_loops_ring
D:2:      layout_loops_cross, lemuel_doored_altar, dancing_weapons_uskayaw
D:3:      kennysheep_the_goblin_king, layout_rooms,
          gammafunk_temple_overflow_pools, uniq_robin
D:4:      layout_rooms, kennysheep_slug_shrine, lemuel_coloured_pillars_altar,
          minmay_temple_entry_statues, serial_shops, shop
D:5:      layout_basic, led_sif_book, first_ration, uniq_blork_the_orc
D:6:      layout_basic
D:7:      layout_rooms
D:8:      layout_rooms, nicolae_overflow_crystal_walls, kennysheep_mini_moat
Temple:   cyrus_circular_temple

Skill      XL: |  1  2  3  4  5  6  7  8  9 |
---------------+----------------------------+-----
Hexes          | 5 6 8 9 10 11 | 11.1
Stealth        | 5 6 7 8 10 | 10.3
Short Blades   | 2 3 |  3.8
Spellcasting   | 3 4 5 |  5.3
Invocations    | 1 2 3 |  3.5
Fighting       | 1 |  1.2
Dodging        | |  2.8
Ice Magic      | |  0.1

Action                   |  1- 3 |  4- 6 |  7- 9 || total
-------------------------+-------+-------+-------++-------
Melee: Dagger            |   101 |   117 |    52 ||   270
       Bite              |     5 |     6 |     4 ||    15
       Short sword       |       |       |    34 ||    34
Throw: Dart              |       |       |     1 ||     1
 Cast: Ensorcelled Hiber |     3 |    56 |    78 ||   137
       Corona            |     2 |    26 |    17 ||    45
       Tukima's Dance    |       |     4 |     9 ||    13
       Dazzling Flash    |       |       |     3 ||     3
 Abil: Exsanguinate      |     2 |       |       ||     2
  Use: Scroll            |     2 |     2 |     2 ||     6
 Stab: Sleeping          |    14 |    31 |    47 ||    92
       Distracted        |     1 |     1 |       ||     2
Armor: Robe              |     9 |       |       ||     9
       Leather armour    |    15 |    28 |    17 ||    60
Dodge: Dodged            |    65 |    77 |    82 ||   224
